 Dungeon Crawl Stone Soup version 0.27.1 (webtiles) character file.

Game seed: 14016125425312107414

218 comborobin the Ruffian (level 5, -5/40 HPs)
             Began as a Palentonga Warper on Aug 24, 2021.
             Slain by a scorpion (7 damage)
             ... on level 5 of the Dungeon.
             The game lasted 00:04:28 (4250 turns).

comborobin the Ruffian (Palentonga Warper)          Turns: 4250, Time: 00:04:29

Health: -5/40      AC:  4    Str: 14    XL:     5   Next: 63%
Magic:  1/8        EV:  9    Int: 19    God:
Gold:   139        SH:  5    Dex: 11    Spells: 6/8 levels left

rFire    . . .     SeeInvis +     - Unarmed
rCold    . . .     Faith    .   (no shield)
rNeg     . . .     Spirit   .   a - +0 leather armour
rPois    .         Reflect  +   (no helmet)
rElec    .         Harm     .   (no cloak)
rCorr    .         Rampage  .   (no gloves)
Will     .....                  (no barding)
Stlth    +.........             g - amulet of reflection
HPRegen  0.13/turn              d - ring of wizardry
MPRegen  0.11/turn              j - +6 ring of intelligence

@: no status effects
A: large, rugged brown scales 3, see invisible, deformed body, roll 1, armoured
tail
a: Rolling Charge


You were on level 5 of the Dungeon.
You visited 1 branch of the dungeon, and saw 5 of its levels.

You collected 139 gold pieces.

Inventory:

Hand Weapons
 i - a +1 dagger of venom
Missiles
 c - 5 boomerangs of dispersal (quivered)
Armour
 a - a +0 leather armour (worn)
Jewellery
 d - a ring of wizardry (left hand)
 g - an amulet of reflection (around neck)
 j - a +6 ring of intelligence (right hand)
Scrolls
 b - a scroll of blinking
 f - a scroll of amnesia {unknown}
 h - a scroll of torment {unknown}
 l - a scroll of noise {unknown}
 n - 2 scrolls of teleportation {unknown}


   Skills:
 - Level 2.0 Fighting
 - Level 0.6 Throwing
 - Level 0.7 Armour
 - Level 1.5 Dodging
 + Level 6.0 Unarmed Combat
 - Level 2.0 Spellcasting
 - Level 3.0 Translocations


You had 6 spell levels left.
You knew the following spells:

 Your Spells              Type           Power      Damage    Failure   Level
b - Blink                 Tloc           N/A        N/A       4%          2

Your spell library contained the following spells:

 Spells                   Type           Power      Damage    Failure   Level
 Gell's Gravitas          Tloc           6%         N/A       8%          3
 Lesser Beckoning         Tloc           6%         N/A       8%          3
 Teleport Other           Tloc           13%        N/A       8%          3
 Static Discharge         Conj/Air       1%         N/A       13%         2
 Manifold Assault         Tloc           13%        N/A       52%         5
 Lightning Bolt           Conj/Air       0%         1d11      90%         5
 Maxwell's Capacitive Co  Air            0%         ∞         100%        8


Dungeon Overview and Level Annotations

Branches:
Dungeon (5/15)
 Temple: D:4-7

Altars:
Ashenzari

Shops:
D:3 !


Innate Abilities, Weirdness & Mutations

You are completely covered in rugged brown scales. (AC +3, +7% HP)
You have supernaturally acute eyesight. (SInv)
Armour fits poorly on your strangely shaped body.
You can roll at nearby foes to attack.
You have a long armoured tail.


Message History

The scorpion zombie is severely damaged.
You hit the scorpion zombie.
The scorpion zombie is almost destroyed.
The scorpion zombie barely misses you.
You hit the scorpion zombie.
The scorpion zombie is almost destroyed.
You block the scorpion zombie's attack.
You barely miss the scorpion zombie.
The scorpion zombie is almost destroyed.
You block the scorpion zombie's attack.
You hit the scorpion zombie.
You destroy the scorpion zombie!
You feel your dexterity returning.
Your Unarmed Combat skill increases to level 6!
You start resting.
You are starting to lose your buoyancy.
A bullfrog zombie comes into view.
You float gracefully downwards.
You aren't carrying any potions.
Casting: Blink (safe; 4% risk of failure)
Confirm with . or Enter, or press ? or * to list all spells.
You miscast Blink.
You are very lightly contaminated with residual magic.
Nothing appears to happen.
Casting: Blink (safe; 4% risk of failure)
Confirm with . or Enter, or press ? or * to list all spells.
You blink.
Casting: Blink (safe; 4% risk of failure)
Confirm with . or Enter, or press ? or * to list all spells.
You blink.
Found a stone staircase leading down.
A scorpion comes into view.
Casting: Blink (safe; 4% risk of failure)
Confirm with . or Enter, or press ? or * to list all spells.
You blink.
The scorpion barely misses you. The scorpion stings you.
* * * LOW HITPOINT WARNING * * *
Your magical contamination has completely faded away.
There is a stone staircase leading down here.
The scorpion stings you!
You die...

#..# #..#
#####..####
#.........#
#.........#
#.........#
#.........# .
#....Z....###...
#....@s.........
#...............
################


You could see a scorpion and a bullfrog zombie.

Vanquished Creatures
  A jelly (D:5)
  A scorpion zombie (D:5)
  3 gnolls (D:4)
  7 adders
  An adder skeleton (D:4)
  2 worms (D:2)
  2 dart slugs
  3 ball pythons
  6 endoplasms
  2 giant cockroaches
  8 goblins
  3 hobgoblins
  4 jackals (D:1)
  2 kobolds
  3 quokkas
  6 bats (D:2)
  4 frilled lizards
  2 rats
60 creatures vanquished.

Notes
Turn   | Place    | Note
-------+----------+-------------------------------------------
     0 | D:1      | comborobin the Palentonga Warper began the quest for the
                  | Orb.
     0 | D:1      | Reached XP level 1. HP: 17/17 MP: 3/3
   332 | D:1      | Reached XP level 2. HP: 19/23 MP: 5/5
   347 | D:1      | Learned a level 2 spell: Blink
   452 | D:1      | Reached skill level 3 in Unarmed Combat
   729 | D:1      | Found a faded altar of an unknown god.
  1240 | D:2      | Reached XP level 3. HP: 28/28 MP: 6/6
  1843 | D:2      | Reached skill level 4 in Unarmed Combat
  2420 | D:2      | Reached XP level 4. HP: 30/35 MP: 7/7
  2566 | D:3      | Found a broken altar of Ashenzari.
  2951 | D:3      | Found Fesoappess's Distillery.
  3815 | D:4      | Reached skill level 5 in Unarmed Combat
  3827 | D:4      | Reached XP level 5. HP: 40/40 MP: 8/8
  3965 | D:5      | Entered Level 5 of the Dungeon
  4235 | D:5      | Reached skill level 6 in Unarmed Combat
  4247 | D:5      | HP: 2/40 [scorpion (6)]
  4250 | D:5      | Slain by a scorpion

Illustrated notes

Levels and vault maps discovered:
D:1:      dpeg_arrival_fog, layout_loops_ring,
          hellmonk_ecumenical_altar_slurped_away
D:2:      layout_basic
D:3:      layout_basic, general_overflow_altar, serial_shops, shop
D:4:      kennysheep_the_goblin_king, layout_basic, serial_shops,
          kennysheep_little_box, cheibrodos_gnoll_hut
D:5:      layout_basic, minmay_a_box_with_orc_wizards_in_it

Skill      XL: |  1  2  3  4  5 |
---------------+----------------+-----
Unarmed Combat | 3 4 5 6 |  6.0
Fighting       | |  2.0
Throwing       | |  0.6
Armour         | |  0.7
Dodging        | |  1.5
Spellcasting   | |  2.0
Translocations | |  3.0

Action                   |  1- 3 |  4- 6 || total
-------------------------+-------+-------++-------
Melee: Unarmed           |    24 |    18 ||    42
       Tailslap          |    16 |    11 ||    27
       Dagger            |    90 |    89 ||   179
       Punch             |     2 |     1 ||     3
 Cast: Blink             |       |    10 ||    10
  Use: Potion            |       |     8 ||     8
 Stab: Sleeping          |     1 |       ||     1
Armor: Leather armour    |    50 |    27 ||    77
Dodge: Dodged            |    45 |    44 ||    89
Block: Other             |       |    11 ||    11
